AoeStats
← Podocytoma

Black Forest

510388502Analyzed
2v2 RM · 1d ago on Sep 30, 2026· 36m 16s· 4 players
Game mode
Random Map
Map size
Medium (4 player)
Population
200
Speed
Normal
Resources
Standard
Victory
Conquest
Starting age
Dark Age
Ending age
Imperial Age
RankedLock teamsTeams togetherTeam positionsShared explorationLock speedFull tech treeHidden civsTurbo modeCheats
Victory
Defeat
🇲🇽 Bohemians · Mexico
797
+14
🇹🇷 Dravidians · Türkiye
715
+17
🇬🇧 Goths · United Kingdom
754
-16
🇬🇧 Italians · United Kingdom
736
-15
Podocytoma
0:48 Loom
16:23 Feudal Age
20:41 Castle Age
31:18 Thumb Ring
32:14 Double-Bit Axe
33:12 Bow Saw
34:05 Wheelbarrow
33:25 Gold Mining
35:12 Ballistics
35:04 Fortified Wall
34:52 Murder Holes
Arun
1:02 Loom
17:27 Feudal Age
21:42 Bloodlines
21:22 Man-at-Arms
25:19 Horse Collar
27:05 Wheelbarrow
27:53 Double-Bit Axe
31:49 Castle Age
33:23 Hand Cart
33:19 Pikeman
34:00 Squires
33:20 Long Swordsman
34:15 Bow Saw
34:08 Heavy Plow
CALLATEprr@
1:08 Loom
13:59 Feudal Age
14:28 Man-at-Arms
14:55 Arson
19:00 Forging
18:52 Scale Mail Armor
24:14 Wheelbarrow
25:15 Town Watch
25:33 Double-Bit Axe
25:30 Horse Collar
30:11 Castle Age
31:03 Long Swordsman
31:44 Squires
32:37 Iron Casting
32:18 Chain Mail Armor
32:24 Bow Saw
32:32 Hand Cart
32:29 Heavy Plow
34:54 Caravan
heralp
4:39 Loom
11:41 Feudal Age
12:33 Double-Bit Axe
20:17 Castle Age
18:08 Gold Mining
19:14 Horse Collar
22:22 Heavy Plow
26:47 Imperial Age
24:03 Man-at-Arms
24:29 Gambesons
24:40 Arson
24:59 Squires
26:02 Long Swordsman
28:12 Wheelbarrow
27:22 Town Watch
27:53 Bow Saw
27:34 Two-Handed Swordsman
30:28 Caravan
31:49 Thumb Ring
32:50 Coinage
33:14 Crossbowman
34:05 Champion
34:59 Forging
35:45 Hand Cart
35:38 Scale Mail Armor
Connection lost

Rejoining the realm…

Still unreachable

The connection could not be restored.

Session expired

The server has moved on; the page needs a fresh start.